 Dungeon Crawl Stone Soup version 0.30-a0-937-ga0a21ad780 (webtiles) character file.

Game seed: 5065802007718690370

122095 FexLirch the Thaumaturge (level 17, -2/140 HPs)
             Began as a Meteoran Earth Elementalist on Mar 24, 2023.
             Was the Champion of Cheibriados.
             Killed from afar by a naga mage (20 damage)
             ... with a bolt of poison
             ... on level 4 of the Snake Pit.
             The game lasted 01:42:15 (6942 turns).

FexLirch the Thaumaturge (MeEE)                     Turns: 6942, Time: 01:42:15

Health: -2/140     AC: 19    Str: 26      XL:     17   Next: 62%
Magic:  29/36      EV: 25    Int: 42 (46) God:    Cheibriados [******]
Gold:   74         SH:  5    Dex: 39      Spells: 14/44 levels left

rFire   + + .      SeeInvis .    H - staff of fire
rCold   x x .      Faith    .    V - orb {*channel}
rNeg    + . .      Spirit   .    K - +3 scale mail "Toacah" {+Inv rC- Dex+8}
rPois   .          Reflect  +    g - +0 helmet
rElec   .          Rampage  .    I - scarf "Socon" {harm, rN+ Regen+ Dex+2}
rCorr   .          Harm     + .  o - +3 pair of gauntlets of War {Slay+5}
Will    ++...                    O - +0 pair of boots
Stlth   +                        T - amulet of reflection
HPRegen 1.23/turn                W - +6 ring of intelligence
MPRegen 0.25/turn                F - ring of fire

@: lethally poisoned (-2 -> -7), glowing, very slow
A: sense surroundings 2, otherworldly, glowing, explore regen
}: 1/15 runes: barnacled
a: Renounce Religion, Evoke Invisibility, Bend Time, Temporal Distortion,
Slouch, Step From Time


You were on level 4 of the Snake Pit.
You worshipped Cheibriados.
Cheibriados was exalted by your worship.
You visited 5 branches of the dungeon, and saw 26 of its levels.
You also visited: Bailey and Ice Cave.

You collected 1161 gold pieces.
You spent 1087 gold pieces at shops.

Inventory:

Hand Weapons
 v - a +6 rapier of draining
Missiles
 a - 7 boomerangs
 q - 5 throwing nets
 s - 4 silver javelins
Armour
 g - a +0 helmet (worn)
 o - the +3 pair of gauntlets of War (worn) {Slay+5}
   (You bought it in a shop on level 3 of the Shoals)

   Slay:      It affects your accuracy & damage with ranged weapons and melee
   (+5).
 B - a +2 tower shield
 I - the scarf "Socon" (worn) {harm, rN+ Regen+ Dex+2}
   (You found it in a bailey)

   Dex:       It affects your dexterity (+2).
   rN:        It protects you from negative energy.
   Regen:     It increases your rate of health regeneration.
 K - the +3 scale mail "Toacah" (worn) {+Inv rC- Dex+8}
   (You found it in a bailey)

   Dex:       It affects your dexterity (+8).
   rC:        It makes you vulnerable to cold.
   +Inv:      It lets you turn invisible.
 L - a +2 plate armour of willpower
 O - a +0 pair of boots (worn)
 V - an orb of energy (worn)
Magical Staves
 H - a staff of fire (weapon)
 Q - a staff of air
Jewellery
 f - a ring of resist corrosion
 n - a ring of ice
 C - the ring of Song {rF+ Will+ Dex+3}
   (You found it on level 4 of the Shoals)

   [ring of willpower]

   Dex:       It affects your dexterity (+3).
   rF:        It protects you from fire.
   Will:      It increases your willpower.
 F - a ring of fire (right hand)
 T - an amulet of reflection (around neck)
 W - a +6 ring of intelligence (left hand)
Wands
 l - a wand of polymorph (5)
 m - a wand of digging (1)
 p - a wand of flame (25)
 A - a wand of paralysis (7)
 J - a wand of roots (9)
 R - a wand of acid (1)
Scrolls
 d - a scroll of brand weapon {unknown}
 j - a scroll of butterflies {unknown}
 k - 8 scrolls of teleportation
 t - 2 scrolls of poison
 w - a scroll of noise
 D - 4 scrolls of fog
 G - a scroll of torment
 M - 2 scrolls of fear
 S - a scroll of enchant armour {unknown}
 Y - 2 scrolls of immolation
Potions
 b - 4 potions of magic
 c - a potion of lignification {unknown}
 e - 3 potions of might
 h - 3 potions of ambrosia
 i - 5 potions of curing
 r - 2 potions of heal wounds
 u - 2 potions of cancellation
 x - 2 potions of attraction
 E - 3 potions of flight
 P - 2 potions of resistance
 U - a potion of brilliance
 Z - 2 potions of mutation
Miscellaneous
 z - a box of beasts
 N - a tin of tremorstones (2/2)
 X - a lightning rod (inert)


   Skills:
 + Level 10.1 Fighting
 + Level 11.2 Armour
 + Level 11.4 Dodging
 - Level 1.4 Stealth
 + Level 1.6 Shields
 + Level 14.4 Spellcasting
 - Level 10.8 Conjurations
 - Level 5.4 Hexes
 * Level 7.4 Transmutations
 + Level 11.3 Fire Magic
 + Level 7.2 Air Magic
 - Level 9.9 Earth Magic
 + Level 13.7 Invocations
 + Level 7.9 Evocations


You had 14 spell levels left.
You knew the following spells:

 Your Spells              Type           Power      Damage    Failure   Level
a - Sandblast             Erth           100%       2d20      1%          1
b - Passwall              Tmut/Erth      66%        N/A       1%          2
c - Stone Arrow           Conj/Erth      100%       3d13      1%          3
d - Confusing Touch       Hex            66%        N/A       1%          3
f - Dazzling Flash        Conj/Hex       100%       N/A       1%          3
g - Iskenderun's Mystic   Conj/Tloc      66%        2d14      1%          4
h - Starburst             Conj/Fire      67%        6d18      3%          6
i - Plasma Beam           Fire/Air       63%        2x1d87    1%          5
j - Vhi's Electric Charg  Tloc/Air       100%       N/A       1%          3

Your spell library contained the following spells:

 Spells                   Type           Power      Damage    Failure   Level
 Slow                     Hex            100%       N/A       1%          1
 Cigotuvi's Dreadful Rot  Necr/Pois/Air  100%       N/A       1%          2
 Static Discharge         Conj/Air       100%       2-7/arc   1%          2
 Petrify                  Tmut/Erth      80%        N/A       1%          4
 Arcjolt                  Conj/Air       41%        1d51      1%          5
 Ice Form                 Ice/Tmut       57%        N/A       4%          4
 Summon Lightning Spire   Summ/Air       57%        N/A       4%          4
 Frozen Ramparts          Ice            60%        1d10      5%          3
 Ozocubu's Armour         Ice            30%        N/A       5%          3
 Vampiric Draining        Necr           30%        2d8       5%          3
 Dispel Undead            Necr           30%        3d14      19%         4
 Summon Ice Beast         Ice/Summ       30%        N/A       19%         4
 Storm Form               Tmut/Air       37%        N/A       61%         7
 Death Channel            Necr           15%        N/A       96%         6
 Maxwell's Capacitive Co  Air            37%        ∞         99%         8
 Ozocubu's Refrigeration  Ice            15%        4d10      100%        7


Dungeon Overview and Level Annotations

Branches:
Dungeon (12/15) Zot: 6942  Temple (1/1) D:6 Zot: 629    Lair (5/5) D:11 Zot: 1407
 Shoals (4/4) Lair:2 Zot: 928   Snake (4/4) Lair:2 Zot: 2691   Slime (0/5) Lair:4
 Bailey (visited)           IceCv (visited)
    Orc: D:9-12

Altars:
Cheibriados
Dithmenos
Elyvilon
Fedhas
Gozag
Hepliaklqana
Makhleb
Nemelex Xobeh
Okawaru
Ru
Sif Muna
Trog
Uskayaw
Wu Jian
Yredelemnul
Zin
The Shining One

Shops:
D:4 (   Shoals:3 [((?   Shoals:4 *

Annotations:
D:8 Erica
D:10 2 runed translucent doors, DeathPants's ghost, journeyman VSMo


Innate Abilities, Weirdness & Mutations

You passively map the area around you.
You are easily found by Zot.
You glow in the dark.
You regain HP and MP as you explore.


Message History

You hit the naga but do no damage. You burn the naga.
The naga is lightly wounded.
You block the naga mage's attack. The naga closely misses you.
The naga misses you.
You are unable to access your magic!
You barely miss the naga.
The naga is lightly wounded.
You regain access to your magic.
The naga mage gestures at you while chanting.
The bolt of poison hits the naga!
The bolt of poison hits you!
You are poisoned.
The shock serpent barely misses you.
A naga comes into view. It is wielding a +0 long sword.
You block the naga mage's attack. The naga misses you.
You block the naga's attack. The naga attacks as you move away!
The naga misses you. You block the naga's attack.
You feel very sick.
The shock serpent shoots out a bolt of lightning at you!
The bolt of electricity hits you!!
* * * LOW HITPOINT WARNING * * *
The shock serpent closely misses you. The shock serpent misses you.
Casting: Starburst (dangerous; 3% risk of failure)
Confirm with . or Enter, or press ? or * to list all spells.
Casting: Starburst (dangerous; 3% risk of failure)
Press: ? - help, Dir - look around, f - activate
Okay, then.
Unknown command.
Activating: Slouch (0% risk of failure)
Press: ? - help, Dir - look around, f - activate You can feel time thicken for a moment.
The shock serpent's electric aura discharges violently, shocking you!
* * * LOW HITPOINT WARNING * * *
You feel sick.
The shock serpent completely misses you.
The naga mage points at you and mumbles some strange words.
The bolt of poison hits the naga.
The naga is poisoned.
The bolt of poison hits you!
You are more poisoned.
You die...

***## ##,,.# ##.,*.# ***
###.N##.# *,* **#...NN@.#
*,* ***#....##S###*********
*,* **,,..#,,*#.# *,,,,,,,*
*,***,,****,**#.# *,,,,,,,*
*,,,,,*,,,,,* #:#***,,,,,,,*
,,,*,,,,******#..,,,,,******
,,**,*********N..,,,,**
***** ,,,,,*,,,,,,,,...,,***
**,,,** ,,,*,,,,,****,(...,*
****,,,,,**


You could see a shock serpent, a naga mage (fast) and 3 nagas.

Vanquished Creatures
  Polyphemus (Shoals:2)
  A frost giant (Shoals:4)
  Louise (Shoals:2)
  7 merfolk impalers
  4 merfolk javelineers
  6 hydras
  2 catoblepae
  4 merfolk avatars
  3 alligator snapping turtles
  A boulder beetle (D:11)
  2 naga warriors (Snake:1)
  5 anacondas
  2 satyrs (Shoals:4)
  8 death yaks
  A deep troll shaman (Lair:5)
  2 merfolk aquamancers
  2 shock serpents
  4 skysharks
  A fire crab (Lair:5)
  7 sea snakes
  A lindwurm (Lair:4)
  2 naga ritualists
  14 harpies
  A wolf spider (Lair:5)
  5 mana vipers
  5 salamanders
  13 manticores
  A faun (Shoals:3)
  10 elephants
  A cyclops (Shoals:2)
  2 guardian serpents (Snake:3)
  4 water nymphs
  6 naga magi
  Joseph (D:9)
  18 black mambas
  6 merfolk sirens
  10 cane toads
  2 gargoyles
  3 ice devils
  A rime drake (Lair:4)
  7 komodo dragons
  4 kobold demonologists
  3 trolls
  6 polar bears
  4 wind drakes
  27 merfolk
  11 blink frogs
  16 dream sheep
  10 snapping turtles
  A shadow (D:10)
  A wraith (D:12)
  A vampire (Bailey)
  6 water elementals
  3 wyverns
  A dire elephant simulacrum (IceCv)
  Eustachio (D:6)
  3 basilisks
  7 humans (D:9)
  40 yaks
  A steam dragon (D:8)
  2 vampire mosquitoes (D:11)
  7 nagas
  7 water moccasins
  2 acid dragons
  An orc warrior (D:8)
  18 wolves
  An ogre (D:5)
  A centaur (D:10)
  3 kobold brigands
  9 bullfrogs
  2 two-headed ogre simulacra (IceCv)
  A scorpion (D:3)
  5 wights (D:10)
  A howler monkey (D:5)
  8 vampire bats (Bailey)
  6 wolf zombies (Bailey)
  2 lava snakes (Lair:2)
  2 hounds
  2 jellies (Lair:4)
  An orc priest (D:4)
  Terence (D:2)
  Jessica (D:9)
  2 sleepcaps (D:6)
  An iguana (D:4)
  An orc wizard (D:4)
  4 hell rats (Lair:2)
  A polar bear simulacrum (IceCv)
  A wolf simulacrum (IceCv)
  2 gnolls
  6 adders
  2 naga simulacra (IceCv)
  3 white imps
  A dart slug (D:3)
  19 orcs
  3 bats
  5 endoplasms
  A giant cockroach (D:1)
  5 goblins
  2 hobgoblins
  4 jackals (D:9)
  12 kobolds
  A quokka (D:1)
  2 ball pythons
  3 frilled lizards
  15 orc zombies (Bailey)
  3 rats
  2 plants (Shoals:2)
507 creatures vanquished.

Vanquished Creatures (collateral kills)
  A naga mage (Snake:1)
1 creature vanquished.

Vanquished Creatures (others)
  11 fungi
  114 plants
125 creatures vanquished.

Grand Total: 633 creatures vanquished

Notes
Turn   | Place    | Note
-------+----------+-------------------------------------------
     0 | D:1      | FexLirch the Meteoran Earth Elementalist began the quest
                  | for the Orb.
     0 | D:1      | Reached XP level 1. HP: 14/14 MP: 5/5
    32 | D:1      | Reached XP level 2. HP: 20/20 MP: 0/6
    40 | D:1      | Reached skill level 3 in Spellcasting
    62 | D:1      | Reached skill level 1 in Conjurations
    89 | D:2      | Learned a level 2 spell: Passwall
   133 | D:2      | Noticed Terence
   142 | D:3      | Reached XP level 3. HP: 26/26 MP: 5/8
   166 | D:5      | Entered Level 5 of the Dungeon
   166 | D:5      | Noticed a +0 hand axe
   166 | D:5      | Noticed a +0 hand axe
   166 | D:5      | Found a hide-covered altar of Uskayaw.
   185 | D:5      | Noticed an ogre
   268 | D:3      | Noticed a scorpion
   272 | D:3      | Killed a scorpion
   273 | D:3      | Reached skill level 4 in Spellcasting
   273 | D:3      | Reached XP level 4. HP: 33/33 MP: 1/11
   273 | D:3      | Reached XP level 5. HP: 38/38 MP: 1/12
   278 | D:3      | Learned a level 3 spell: Stone Arrow
   347 | D:2      | Killed Terence
   348 | D:2      | Reached skill level 5 in Earth Magic
   408 | D:4      | Found Waurobb's Weapon Shop.
   418 | D:4      | Bought 6 poisoned darts for 43 gold pieces
   425 | D:4      | Reached XP level 6. HP: 45/45 MP: 9/13
   585 | D:4      | Found an iron altar of Okawaru.
   623 | D:4      | You fall into a shaft and drop 2 floors!
   653 | D:6      | Found a staircase to the Ecumenical Temple.
   656 | D:6      | Reached skill level 5 in Spellcasting
   667 | Temple   | Entered the Ecumenical Temple
   824 | Temple   | Became a worshipper of Cheibriados the Contemplative
   863 | D:6      | Reached XP level 7. HP: 50/50 MP: 9/15
  1076 | D:4      | Found an opulent altar of Gozag.
  1315 | D:5      | Noticed Eustachio
  1323 | D:6      | Killed Eustachio
  1324 | D:6      | Reached skill level 6 in Spellcasting
  1324 | D:6      | Reached skill level 5 in Conjurations
  1324 | D:6      | Reached XP level 8. HP: 57/57 MP: 3/18
  1395 | D:7      | Found an ornate altar of the Wu Jian Council.
  1451 | D:8      | Reached * piety under Cheibriados
  1495 | D:8      | Found a shimmering blue altar of Sif Muna.
  1548 | D:9      | Noticed a kobold demonologist
  1552 | D:9      | Killed a kobold demonologist
  1553 | D:9      | Reached skill level 7 in Spellcasting
  1555 | D:9      | Gained mutation: You passively map the area around you.
                  | [Meteoran growth]
  1555 | D:9      | Reached XP level 9. HP: 62/62 MP: 7/20
  1588 | D:8      | Reached skill level 1 in Invocations
  1629 | D:8      | Found a white marble altar of Elyvilon.
  1632 | D:8      | Noticed Erica
  1681 | D:9      | Noticed Jessica
  1692 | D:9      | Reached skill level 8 in Spellcasting
  1702 | D:9      | Reached XP level 10. HP: 29/69 MP: 3/23
  1749 | D:9      | Killed Jessica
  1763 | D:9      | Reached skill level 5 in Invocations
  1825 | D:9      | Noticed Joseph
  1864 | D:9      | Killed Joseph
  1865 | D:9      | Reached skill level 9 in Spellcasting
  1873 | D:10     | Entered Level 10 of the Dungeon
  1895 | D:11     | Noticed a kobold demonologist
  1900 | D:11     | Noticed an ice devil
  1901 | D:11     | Reached ** piety under Cheibriados
  1902 | D:11     | Noticed an orange demon
  1974 | D:10     | Found a runed translucent door.
  1976 | D:10     | Noticed a skeletal warrior
  1979 | D:10     | Found a runed translucent door.
  1979 | D:10     | Noticed a deep elf zephyrmancer
  1982 | D:10     | Noticed a lich
  1982 | D:10     | Noticed a five-headed hydra
  1982 | D:10     | Noticed a deep elf pyromancer
  1983 | D:10     | Noticed a necromancer
  1994 | D:10     | Found a flagged portal.
  2009 | Bailey   | Entered a bailey
  2047 | Bailey   | Learned a level 3 spell: Confusing Touch
  2078 | Bailey   | Reached skill level 1 in Armour
  2078 | Bailey   | Reached skill level 1 in Hexes
  2079 | Bailey   | Reached skill level 1 in Fighting
  2090 | Bailey   | Reached *** piety under Cheibriados
  2113 | Bailey   | Identified the scarf "Socon" {harm, rN+ Regen+ Dex+2}
  2133 | Bailey   | Noticed a gargoyle
  2140 | Bailey   | Killed a gargoyle
  2206 | Bailey   | Reached XP level 11. HP: 79/79 MP: 18/25
  2219 | Bailey   | Identified the +3 scale mail "Toacah" {+Inv rC- Dex+8}
  2391 | D:11     | Noticed a boulder beetle
  2434 | D:10     | Found a bloodstained altar of Trog.
  2470 | D:10     | Reached skill level 10 in Spellcasting
  2503 | D:10     | Noticed a skeletal warrior
  2505 | D:10     | Noticed DeathPants's ghost (journeyman VSMo)
  2505 | D:10     | Noticed a skeletal warrior
  2764 | D:11     | Found a staircase to the Lair.
  2772 | D:11     | Killed a boulder beetle
  2773 | D:11     | Reached skill level 5 in Dodging
  2791 | D:11     | Reached **** piety under Cheibriados
  2799 | D:11     | Learned a level 1 spell: Slow
  2874 | D:11     | Noticed a sun demon
  2897 | D:11     | Reached XP level 12. HP: 91/91 MP: 6/27
  2943 | D:11     | Reached skill level 5 in Armour
  2961 | D:11     | Reached skill level 5 in Hexes
  2975 | D:12     | Reached skill level 11 in Spellcasting
  2981 | D:12     | Learned a level 3 spell: Dazzling Flash
  2986 | D:12     | Learned a level 4 spell: Iskenderun's Mystic Blast
  3087 | D:12     | Reached ***** piety under Cheibriados
  3088 | D:12     | Reached skill level 5 in Fighting
  3150 | Lair:1   | Entered Level 1 of the Lair of Beasts
  3158 | Lair:1   | Learned a level 6 spell: Starburst
  3205 | Lair:1   | Reached skill level 1 in Fire Magic
  3433 | Lair:2   | Found a staircase to the Shoals.
  3457 | Lair:2   | Found a staircase to the Snake Pit.
  3603 | Lair:2   | Reached XP level 13. HP: 102/102 MP: 19/29
  3773 | Lair:3   | Reached skill level 5 in Fire Magic
  3773 | Lair:3   | Reached skill level 10 in Invocations
  3983 | Lair:3   | Reached ****** piety under Cheibriados
  3984 | Lair:3   | Reached skill level 12 in Spellcasting
  4138 | Lair:4   | Found a staircase to the Slime Pits.
  4209 | Lair:5   | Entered Level 5 of the Lair of Beasts
  4212 | Lair:5   | Reached skill level 1 in Evocations
  4253 | Lair:5   | Noticed a four-headed hydra
  4257 | Lair:5   | Killed a four-headed hydra
  4263 | Lair:5   | Reached XP level 14. HP: 113/113 MP: 10/31
  4288 | Lair:5   | Found a frozen archway.
  4303 | IceCv    | Entered an ice cave
  4438 | Lair:5   | Learned a level 5 spell: Plasma Beam
  4538 | Lair:5   | Reached skill level 1 in Air Magic
  4637 | Lair:5   | Reached skill level 10 in Conjurations
  4645 | Lair:5   | Reached skill level 13 in Spellcasting
  4758 | Lair:5   | Reached XP level 15. HP: 106/121 MP: 17/33
  4971 | Shoals:1 | Entered Level 1 of the Shoals
  4976 | Shoals:1 | Learned a level 3 spell: Vhi's Electric Charge
  5021 | Shoals:2 | Noticed Polyphemus
  5028 | Shoals:2 | Killed Polyphemus
  5033 | Shoals:3 | Found Uledaic's Armour Boutique.
  5055 | Shoals:3 | Reached skill level 5 in Evocations
  5081 | Shoals:4 | Entered Level 4 of the Shoals
  5114 | Shoals:4 | Reached skill level 10 in Dodging
  5166 | Shoals:4 | Reached skill level 10 in Fire Magic
  5177 | Shoals:4 | Identified the ring of Song {rF+ Will+ Dex+3}
  5216 | Shoals:4 | Identified the +0 plate armour of the Lily {Str+4}
  5286 | Shoals:4 | Reached skill level 10 in Armour
  5286 | Shoals:4 | Reached skill level 5 in Air Magic
  5308 | Shoals:4 | Found Xemod's CLEARANCE SALE!.
  5314 | Shoals:4 | Bought a scroll of torment for 47 gold pieces
  5377 | Shoals:4 | Reached XP level 16. HP: 124/132 MP: 28/34
  5381 | Shoals:4 | HP: 4/132 [merfolk impaler/+2 demon trident of freezing
                  | (4)]
  5425 | Shoals:4 | Noticed a frost giant
  5438 | Shoals:4 | Killed a frost giant
  5499 | Shoals:4 | Got a barnacled rune of Zot
  5559 | Shoals:3 | Found Giotooh's Weapon Shoppe.
  5605 | Shoals:3 | Found Ezxusyd's Magic Scroll Shoppe.
  5785 | Shoals:2 | Reached skill level 14 in Spellcasting
  5788 | Shoals:2 | Reached skill level 5 in Transmutations
  5828 | Shoals:3 | Found Setz's Weapon Shoppe.
  6193 | Shoals:2 | Noticed Louise
  6201 | Shoals:2 | Killed Louise
  6202 | Shoals:2 | Reached XP level 17. HP: 139/139 MP: 22/36
  6326 | Shoals:3 | Bought the +3 pair of gauntlets of War {Slay+5} for 997
                  | gold pieces
  6326 | Shoals:3 | Found the +3 pair of gauntlets of War {Slay+5}
  6411 | Snake:1  | Entered Level 1 of the Snake Pit
  6502 | Snake:1  | Reached skill level 10 in Fighting
  6781 | Snake:3  | Reached skill level 1 in Shields
  6933 | Snake:4  | Entered Level 4 of the Snake Pit
  6942 | Snake:4  | Killed from afar by a naga mage

Illustrated notes

Levels and vault maps discovered:
D:1:      dpeg_arrival_round_b, layout_rooms, reono_crystal_passage
D:2:      layout_basic, basic_altar, minmay_misc_feat_diagonals, uniq_terence
D:3:      layout_loops_ring, uniq_grinder
D:4:      layout_basic, grunt_gozag_statues, amcnicky_altar_gilded,
          serial_shops, nicolae_shop_bloodbath_and_beyond
D:5:      layout_basic, dancing_weapons_uskayaw, mainiacjoe_overflow_alcove_2,
          supply_closet_lemuel, grunt_ministairs_3, uniq_eustachio
D:6:      layout_gridville, kennysheep_vampire_church, vehumet_statue,
          mainiacjoe_overflow_alcove_1, minmay_temple_entry_drinking_statues,
          uniq_prince_ribbit1, uniq_edmund, uniq_sigmund
D:7:      layout_basic, nicolae_overflow_hidden_temple
D:8:      layout_basic, mainiacjoe_overflow_surrounded_room,
          kennysheep_mini_moat, marbit_many_paths,
          nicolae_concentric_dashed_squares_wild, uniq_maurice, uniq_erica
D:9:      erik_cavepeople, layout_irregular_city, uniq_joseph
D:10:     layout_stronghold, mainiacjoe_overflow_cross_hatched,
          muffindrake_ghost_dual_entry, enter_bailey_3, corner_web_ring
D:11:     layout_loops_ring, david_lair_shrubbed, serial_shops,
          kennysheep_little_box
D:12:     layout_long_grid, orc_0_dummy, minmay_microvault
Temple:   dpeg_chambers_temple
Lair:1:   layout_regular_city
Lair:2:   layout_roguey, elwin_shoals_entry_rocks,
          nicolae_snake_entry_warm_welcome, grunt_megastairs_2
Lair:3:   layout_concentric_octagons
Lair:4:   layout_gridlike, nicolae_slime_entry_slimehenge,
          lemuel_another_geyser, lemuel_fruit_fields, uniq_kirke
Lair:5:   grunt_lair_end_beastmaster, layout_hall_layers,
          portal_ice_cave_demonic_guard, hangedman_lair_generics_rect
Shoals:1: layout_shoals
Shoals:2: layout_shoals, uniq_polyphemus, uniq_louise
Shoals:3: layout_shoals, serial_shops, nicolae_square_shop, shop, shop,
          nicolae_shop_hallway_plus
Shoals:4: shoals_end_grunt_ice, layout_shoals, nicolae_shop_clearance
Snake:1:  layout_misc_corridors, nicolae_triple_integral
Snake:2:  layout_cave_pods, basic_altar, grunt_megastairs_1
Snake:3:  layout_rooms, grunt_ministairs_14, minmay_shop_grove
Snake:4:  grunt_snake_rune_pools, layout_rooms, minmay_shop_star, uniq_mara

Skill      XL: |  1  2  3  4  5  6  7  8  9 10 11 12 13 14 15 16 17 |
---------------+----------------------------------------------------+-----
Spellcasting   | 3 4 5 6 7 8 9 10 11 12 13 14 | 14.4
Conjurations   | 1 2 3 4 5 6 8 9 10 | 10.8
Earth Magic    | 4 5 6 7 9 |  9.9
Invocations    | 4 7 8 9 11 12 13 | 13.7
Armour         | 2 4 6 8 9 10 11 | 11.2
Hexes          | 1 4 5 |  5.4
Fighting       | 1 4 5 7 8 9 10 | 10.1
Dodging        | 3 5 7 8 9 10 11 | 11.4
Fire Magic     | 4 8 9 10 11 | 11.3
Evocations     | 1 4 5 7 |  7.9
Air Magic      | 3 5 6 7 |  7.2
Transmutations | 2 5 7 |  7.4
Shields        | 1 |  1.6
Stealth        | |  1.4

Action                     |  1- 3 |  4- 6 |  7- 9 | 10-12 | 13-15 | 16-18 || total
---------------------------+-------+-------+-------+-------+-------+-------++-------
  Melee: Unarmed           |     7 |       |       |       |       |       ||     7
         Whip              |     7 |       |     2 |       |       |       ||     9
         Rapier            |       |       |       |    16 |     4 |       ||    20
         Glaive            |       |       |       |    11 |       |       ||    11
         Staff             |       |       |       |       |       |    19 ||    19
  Throw: Stone             |       |     1 |     5 |       |       |       ||     6
         Javelin           |       |       |     1 |       |       |       ||     1
         Boomerang         |       |       |       |       |     1 |       ||     1
   Cast: Sandblast         |    27 |    29 |    38 |   122 |    51 |     8 ||   275
         Passwall          |     2 |     2 |     9 |    13 |    11 |     4 ||    41
         Stone Arrow       |       |    16 |    28 |   126 |   105 |    17 ||   292
         Iskenderun's Myst |       |       |       |     4 |    17 |     2 ||    23
         Confusing Touch   |       |       |       |     2 |       |       ||     2
         Dazzling Flash    |       |       |       |     1 |     4 |       ||     5
         Slow              |       |       |       |     1 |     5 |       ||     6
         Starburst         |       |       |       |       |    21 |    15 ||    36
         Plasma Beam       |       |       |       |       |    59 |    88 ||   147
         Vhi's Electric Ch |       |       |       |       |       |     1 ||     1
 Invoke: Slouch            |       |       |       |       |     1 |     3 ||     4
         Temporal Distorti |       |       |       |       |     3 |       ||     3
         Step From Time    |       |       |       |       |       |     1 ||     1
  Evoke: Wand              |       |       |     2 |     1 |     3 |     8 ||    14
         Lightning rod     |       |       |       |       |       |     5 ||     5
         Box of beasts     |       |       |       |       |       |     1 ||     1
    Use: Scroll            |       |       |     6 |     1 |     9 |     9 ||    25
         Potion            |       |       |       |     2 |     6 |       ||     8
   Stab: Confused          |       |       |       |     1 |       |       ||     1
         Paralysed         |       |       |       |       |     3 |       ||     3
 Armour: Robe              |     3 |     5 |     2 |       |       |       ||    10
         Steam dragon scal |       |       |     2 |       |       |       ||     2
         Troll leather arm |       |       |       |    29 |     3 |       ||    32
         Scale mail        |       |       |       |    30 |    30 |    35 ||    95
  Dodge: Dodged            |     7 |    13 |    17 |   129 |    96 |    69 ||   331
  Block: Other             |       |       |       |       |    16 |       ||    16
         Orb               |       |       |       |       |     1 |    21 ||    22
         Reflection        |       |       |       |       |       |     2 ||     2

Table legend: (Time is in decaauts)
 A = Elapsed time spent in this place.
 B = Non-inter-level travel time spent in this place.
 C = Inter-level travel time spent in this place.
 D = Time resting spent in this place.
 E = Time spent auto-exploring this place.
 F = Levels seen in this place.
 G = Mean time per level.
                   A        B        C        D        E       F      G
               +--------+--------+--------+--------+--------+-----+--------+
         Total |  10862 |   9791 |   1071 |     20 |      0 |  28 |  387.9 |
       Dungeon |   3508 |   3418 |     90 |      2 |      0 |  12 |  292.3 |
        Temple |    191 |    159 |     32 |      0 |      0 |   1 |  191.0 |
          Lair |   3092 |   2546 |    546 |      2 |      0 |   5 |  618.4 |
        Shoals |   2672 |   2270 |    402 |     16 |      0 |   4 |  668.0 |
     Snake Pit |    909 |    909 |      0 |      0 |      0 |   4 |  227.2 |
        Bailey |    412 |    412 |      0 |      0 |      0 |   1 |  412.0 |
      Ice Cave |     75 |     75 |      0 |      0 |      0 |   1 |   75.0 |
               +--------+--------+--------+--------+--------+-----+--------+

Top non-repeatable levels by time:
  Lair:5: 967 daAuts
Shoals:4: 930 daAuts
  Lair:2: 699 daAuts
    D:10: 661 daAuts
    D:11: 617 daAuts
Shoals:3: 593 daAuts
Shoals:1: 579 daAuts
Shoals:2: 569 daAuts
  Lair:3: 565 daAuts
  Lair:1: 520 daAuts
     D:4: 505 daAuts
 Snake:1: 471 daAuts
     D:9: 416 daAuts
  Bailey: 412 daAuts
  Lair:4: 339 daAuts
